 Dungeon Crawl Stone Soup version 0.27.1-33-g824d729ab1 (webtiles) character file.

Game seed: 1559203351979509151

90 Grabarz the Ruffian (level 4, -2/40 HPs)
             Began as a Naga Transmuter on Dec 9, 2021.
             Slain by a phantom (7 damage)
             ... on level 3 of the Dungeon.
             The game lasted 00:18:52 (3319 turns).

Grabarz the Ruffian (Naga Transmuter)               Turns: 3319, Time: 00:18:52

Health: -2/40      AC:  2    Str: 13    XL:     4   Next: 56%
Magic:  4/7        EV: 10    Int: 14    God:
Gold:   137        SH:  0    Dex: 11    Spells: 1/7 levels left

rFire    . . .     SeeInvis +     - Unarmed
rCold    . . .     Faith    +   (no shield)
rNeg     . . .     Spirit   .   a - +0 robe
rPois    +         Reflect  .   (helmet currently unavailable)
rElec    .         Harm     .   (no cloak)
rCorr    .         Rampage  .   (no gloves)
Will     .....                  (no barding)
Stlth    +.........             c - amulet of faith
HPRegen  0.13/turn              (no ring)
MPRegen  0.10/turn              (no ring)

@: appendages, wereblooded, very slow
A: horns 2, AC +1, large, see invisible, deformed body, poison resistance,
slowness 2, spit poison 1, naga tail 1
a: Spit Poison, End Transformation


You were on level 3 of the Dungeon.
You had temporarily grown beastly horns.
You visited 1 branch of the dungeon, and saw 3 of its levels.

You collected 137 gold pieces.

Inventory:

Armour
 a - a +0 robe (worn)
Magical Staves
 d - a staff of earth
 e - a staff of conjuration
Jewellery
 c - an amulet of faith (around neck)
Scrolls
 b - a scroll of identify
 f - a scroll of amnesia
Potions
 g - 2 potions of attraction
 h - a potion of ambrosia
 i - a potion of curing {unknown}
 j - a potion of haste


   Skills:
 * Level 2.3 Fighting
 + Level 2.0 Dodging
 * Level 3.7 Unarmed Combat
 + Level 2.4 Spellcasting
 + Level 2.3 Transmutations


You had one spell level left.
You knew the following spells:

 Your Spells              Type           Power      Damage    Failure   Level
a - Beastly Appendage     Tmut           16%        N/A       9%          1
b - Wereblood             Tmut           8%         N/A       13%         2
c - Spider Form           Tmut/Pois      2%         N/A       38%         3

Your spell library contained the following spells:

 Spells                   Type           Power      Damage    Failure   Level
 Ice Form                 Ice/Tmut       5%         N/A       80%         4


Dungeon Overview and Level Annotations

Branches:
Dungeon (3/15)

Altars:
Ashenzari
Xom


Innate Abilities, Weirdness & Mutations

You have temporarily grown beastly horns.
Your serpentine skin is tough. (AC +1)
You have supernaturally acute eyesight. (SInv)
Armour fits poorly on your strangely shaped body.
Your system is resistant to poisons. (rPois)
You cover ground very slowly.
You can spit poison.
You have a snake-like lower body.


Message History

Your blood is infused with primal strength.
Your transformation is almost over.
You hit the phantom. Your headbutt misses the phantom.
The phantom is lightly damaged.
The phantom hits you.
You closely miss the phantom.
The phantom is lightly damaged.
The phantom closely misses you.
You hit the phantom.
The phantom is moderately damaged.
The phantom hits you.
The phantom blinks!
You blink.
You barely miss the phantom. Your headbutt misses the phantom.
The phantom is moderately damaged.
The phantom hits you.
You barely miss the phantom.
The phantom is moderately damaged.
The phantom hits you.
The phantom blinks!
You blink.
You hit the phantom.
The phantom is heavily damaged.
The phantom hits you.
You closely miss the phantom. Your headbutt misses the phantom.
The phantom is heavily damaged.
Your horns disappear.
The phantom hits you.
Casting: Beastly Appendage (safe; 9% risk of failure)
Press: ? - help, Q - select action, (/) - cycle Dir - look around, f - activate You grow a pair of large bovine horns.
The phantom hits you.
* * * LOW HITPOINT WARNING * * *
You hit the phantom.
The phantom is heavily damaged.
The phantom hits you!
* * * LOW HITPOINT WARNING * * *
You hit the phantom.
The phantom is severely damaged.
The phantom closely misses you.
You closely miss the phantom.
The phantom is severely damaged.
The phantom hits you!
You die...

.##.##.# #.#
.##.##.# #.#
.##.##.# #.#
.......# #.#
.##.#### #.#
.##.# #.# ..#.#
#.# #.#.# ###
#######.###
#...# #<#
#...@W....#
##..# #.#
#.#########
#..# #.# #.#
##..####.####.#
<..........##.#
###.####.#.##.#
...>..)#...##.#
###........##.#
...........##.#


You could see a phantom.

Vanquished Creatures
  2 adders
  A worm (D:2)
  5 ball pythons
  6 bats
  3 endoplasms
  3 giant cockroaches
  5 goblins
  6 hobgoblins
  7 jackals (D:2)
  7 kobolds
  4 quokkas
  9 frilled lizards
  3 rats
61 creatures vanquished.

Notes
Turn   | Place    | Note
-------+----------+-------------------------------------------
     0 | D:1      | Grabarz the Naga Transmuter began the quest for the Orb.
     0 | D:1      | Reached XP level 1. HP: 18/18 MP: 3/3
   272 | D:1      | Reached XP level 2. HP: 25/25 MP: 5/5
  1032 | D:2      | Reached XP level 3. HP: 21/32 MP: 4/6
  1165 | D:2      | Learned a level 2 spell: Wereblood
  1169 | D:2      | Learned a level 3 spell: Spider Form
  1815 | D:2      | Reached XP level 4. HP: 39/39 MP: 7/7
  2177 | D:2      | Found a faded altar of an unknown god.
  3005 | D:3      | Found a broken altar of Ashenzari.
  3018 | D:3      | Found a shimmering altar of Xom.
  3305 | D:3      | Noticed a phantom
  3319 | D:3      | Slain by a phantom

Illustrated notes

Levels and vault maps discovered:
D:1:      lightli_arrival_windingriver, layout_loops_cross, minivault_25
D:2:      layout_basic, ebering_ecumenical_altar_box
D:3:      layout_basic, mainiacjoe_overflow_swirl

Skill      XL: |  1  2  3  4 |
---------------+-------------+-----
Fighting       | 2 |  2.3
Dodging        | 2 |  2.0
Unarmed Combat | |  3.7
Spellcasting   | |  2.4
Transmutations | |  2.3

Action                   |  1- 3 |  4- 6 || total
-------------------------+-------+-------++-------
Melee: Unarmed           |    67 |    46 ||   113
       Headbutt          |     5 |       ||     5
       Staff             |     2 |       ||     2
       Punch             |     1 |     1 ||     2
 Cast: Beastly Appendage |    11 |     8 ||    19
       Wereblood         |     2 |     2 ||     4
 Abil: Spit Poison       |    27 |    16 ||    43
  Use: Scroll            |     4 |     3 ||     7
Armor: Robe              |    11 |     5 ||    16
Dodge: Dodged            |    33 |    17 ||    50
